 Dungeon Crawl Stone Soup version 0.31.0-11-ge490571c62 (webtiles) character file.

Game seed: 17121553603326508286

24 Flugkiller the Chiller (level 3, -1/16 HPs)
             Began as a Vine Stalker Ice Elementalist on Feb 3, 2024.
             Slain by a scorpion (4 damage)
             ... on level 4 of the Dungeon.
             The game lasted 00:00:38 (169 turns).

Flugkiller the Chiller (VSIE)                        Turns: 169, Time: 00:00:39

Health: -1/16      AC:  3    Str: 10    XL:     3   Next: 2%
Magic:  0/8        EV: 12    Int: 17    God:
Gold:   16         SH:  0    Dex: 14    Spells: 6/7 levels left

rFire   . . .        (no weapon)
rCold   . . .        (no shield)
rNeg    . . .        a - +0 robe
rPois   .            (no helmet)
rElec   .            (no cloak)
rCorr   .            e - +0 pair of gloves
SInv    .            (no boots)
Will    .....        (no amulet)
Stlth   ++           (no ring)
HPRegen 1.02/turn    (no ring)
MPRegen 0.11/turn

%: guardian spirit
@: no status effects
A: fangs 2, regeneration 1, magic shield, antimagic bite, no potion heal 2
a: no special abilities


You were on level 4 of the Dungeon.
You visited 1 branch of the dungeon, and saw 4 of its levels.

You collected 16 gold pieces.

Inventory:

Armour
 a - a +0 robe (worn)
 e - a +0 pair of gloves (worn)
   (You found it on level 1 of the Dungeon)
Scrolls
 f - a scroll of vulnerability {unknown}
 h - a scroll of amnesia {unknown}
Potions
 b - a potion of magic
 c - a potion of curing {unknown}
 d - a potion of degeneration {unknown}
 g - a potion of heal wounds {unknown}
 i - a potion of mutation {unknown}


   Skills:
 - Level 1.5 Dodging
 - Level 2.4 Stealth
 + Level 2.9 Spellcasting
 + Level 4.4 Ice Magic


You had 6 spell levels left.
You knew the following spells:

 Your Spells              Type           Power      Damage    Failure   Level
a - Freeze                Ice            68%        1d8       2%          1

Your spell library contained the following spells:

 Spells                   Type           Power      Damage    Failure   Level
 Frozen Ramparts          Ice            34%        1d6       9%          3
 Ozocubu's Armour         Ice            17%        N/A       9%          3
 Summon Ice Beast         Ice/Summ       10%        N/A       22%         3
 Dazzling Flash           Conj/Hex       4%         N/A       47%         3
 Fugue of the Fallen      Necr           2%         N/A       47%         3
 Mephitic Cloud           Conj/Alch/Air  2%         N/A       47%         3
 Manifold Assault         Tloc           2%         N/A       87%         4
 Curse of Agony           Necr           2%         N/A       99%         5
 Silence                  Hex/Air        1%         N/A       99%         5


Dungeon Overview and Level Annotations

Branches:
Dungeon (4/15) Zot: 23829
 Temple: D:4-7

Altars:


Innate Abilities, Weirdness & Mutations

You have extremely sharp teeth.
Your natural rate of healing is unusually fast.
When hurt, damage is shared between your health and your magic reserves.
Your bite disrupts and absorbs the magic of your enemies.
Potions cannot restore your health.


Message History

Casting: Freeze (safe; 3% risk of failure)
Confirm with . or Enter, or press ? or * to list all spells.
Aiming: Freeze (safe; 3% risk of failure)
Press: ? - help, Shift-Dir - straight line, f - quokka
Aim: a quokka You freeze the quokka.
You kill the quokka!
h - a scroll labelled ROOGIR BIKK You now have 16 gold pieces.
There is a stone staircase leading down here.
You climb downwards.
Found a stone staircase leading up.
There is a stone staircase leading up here.
Unknown command.
Found a white potion.
Found a stone staircase leading down.
There is a stone staircase leading up here.
i - a white potion
There is a stone staircase leading down here.
You climb downwards.
Found a book of the Senses.
Found a stone staircase leading up.
There is a stone staircase leading up here.
Unknown command.
A scorpion comes into view.
You see here a book of the Senses.
You pick up a book of the Senses and begin reading...
You add the spells Dazzling Flash, Mephitic Cloud, Curse of Agony and Silence to your library.
There is a stone staircase leading up here.
The scorpion stings you!
You climb upwards.
There is a stone staircase leading down here.
Casting: Freeze (safe; 3% risk of failure)
Confirm with . or Enter, or press ? or * to list all spells.
Aiming: Freeze (safe; 3% risk of failure)
Press: ? - help, Shift-Dir - straight line, f - endoplasm
Aim: an endoplasm (asleep)
You freeze the endoplasm.
You kill the endoplasm!
A bat comes into view.
The bat hits you but does no damage.
Unknown command.
You hit the bat but do no damage. The bat closely misses you.
Casting: Freeze (safe; 3% risk of failure)
Confirm with . or Enter, or press ? or * to list all spells.
Aiming: Freeze (safe; 3% risk of failure)
Press: ? - help, Shift-Dir - straight line, f - bat
Aim: a bat You freeze the bat.
You kill the bat!
You have reached level 3!
Your experience leads to an increase in your attributes!
Increase (S)trength, (I)ntelligence, or (D)exterity?
You feel clever. x2
There is a stone staircase leading down here.
You climb downwards.
The scorpion stings you.
There is a stone staircase leading up here.
Unknown command.
Casting: Freeze (safe; 2% risk of failure)
Confirm with . or Enter, or press ? or * to list all spells.
Aiming: Freeze (safe; 2% risk of failure)
Press: ? - help, Shift-Dir - straight line, f - scorpion
Aim: a scorpion You freeze the scorpion.
The scorpion is lightly wounded.
The scorpion misses you. The scorpion stings you.
Casting: Freeze (safe; 2% risk of failure)
Confirm with . or Enter, or press ? or * to list all spells.
Aiming: Freeze (safe; 2% risk of failure)
Press: ? - help, Shift-Dir - straight line, f/p - scorpion
Aim: a scorpion (lightly wounded)
You freeze the scorpion.
The scorpion is moderately wounded.
The scorpion closely misses you.
Casting: Freeze (safe; 2% risk of failure)
Confirm with . or Enter, or press ? or * to list all spells.
Aiming: Freeze (safe; 2% risk of failure)
Press: ? - help, Shift-Dir - straight line, f/p - scorpion
Aim: a scorpion (moderately wounded)
You freeze the scorpion!
The scorpion is severely wounded.
The scorpion misses you.
You barely miss the scorpion.
You bite the scorpion, but do no damage.
The scorpion is severely wounded.
The scorpion stings you but does no damage.
Casting: Freeze (safe; 2% risk of failure)
Confirm with . or Enter, or press ? or * to list all spells.
You don't have enough magic to cast this spell.
You hit the scorpion but do no damage.
You bite the scorpion, but do no damage.
The scorpion is severely wounded.
The scorpion stings you!
You hit the scorpion but do no damage.
The scorpion is severely wounded.
The scorpion barely misses you. The scorpion stings you.
* * * LOW HITPOINT WARNING * * *
You hit the scorpion but do no damage.
The scorpion is severely wounded.
The scorpion stings you.
You die...

.# #.# ##.##
# #...
##.#### #..#
## #.....#
#..# ..
#<#####..##.#
#.......s...#
#.####..@..##
...# ##...##
..#### #..##
## #....
##.### #+#


You could see a scorpion.

Vanquished Creatures
  2 adders (D:2)
  An endoplasm (D:3)
  A hobgoblin (D:1)
  A quokka (D:2)
  2 bats
7 creatures vanquished.

Notes
Turn   | Place    | Note
-------+----------+-------------------------------------------
     0 | D:1      | Flugkiller the Vine Stalker Ice Elementalist began the
                  | quest for the Orb.
     0 | D:1      | Reached XP level 1. HP: 9/9 MP: 4/4
    15 | D:2      | Reached XP level 2. HP: 13/13 MP: 2/6
   133 | D:4      | Noticed a scorpion
   154 | D:3      | Reached XP level 3. HP: 16/16 MP: 4/8
   169 | D:4      | Slain by a scorpion

Illustrated notes

Levels and vault maps discovered:
D:1:      roderic_dead_forest, layout_basic, serial_shops, nicolae_square_shop
D:2:      layout_rooms
D:3:      layout_loops_corners, mainiacjoe_overflow_alcove_4
D:4:      layout_loops_corners, mainiacjoe_overflow_alcove_2,
          kennysheep_decorative_pillar

Action                     || total
---------------------------++-------
  Melee: Unarmed           ||    11
         Bite              ||     3
   Cast: Freeze            ||    14
 Armour: Robe              ||    20
  Dodge: Dodged            ||    20
